 Dungeon Crawl Stone Soup version 0.23-a0-307-gc3b755d (webtiles) character file.

26 galech the Skirmisher (level 2, -1/24 HPs)
             Began as a Demonspawn Fighter on Oct 10, 2018.
             Slain by a gnoll
             ... wielding a +0 halberd
              (11 damage)
             ... on level 2 of the Dungeon.
             The game lasted 00:00:47 (648 turns).

galech the Skirmisher (Demonspawn Fighter)           Turns: 648, Time: 00:00:49

Health: -1/24      AC:  6    Str: 16    XL:     2   Next: 89%
Magic:  2/2        EV:  6    Int:  9    God:
Gold:   27         SH:  8    Dex: 12    Spells: 1/1 levels left

rFire    . . .     SeeInvis .   a - +0 war axe
rCold    . . .     Gourm    .   c - +0 shield
rNeg     . . .     Faith    .   b - +0 scale mail
rPois    .         Spirit   .   (no helmet)
rElec    .         Reflect  .   (no cloak)
rCorr    .         Harm     .   (no gloves)
MR       .....                  (no boots)
Stlth    ..........             (no amulet)
HPRegen  0.08/turn              (no ring)
MPRegen  0.08/turn              (no ring)

@: no status effects
A: demonic guardian 1
a: no special abilities


You were on level 2 of the Dungeon.
You were not hungry.

You visited 1 branch of the dungeon, and saw 2 of its levels.

You collected 27 gold pieces.

Inventory:

Hand Weapons
 a - a +0 war axe (weapon)
Armour
 b - a +0 scale mail (worn)
 c - a +0 shield (worn)
Potions
 d - a potion of might
 e - a potion of curing {unknown}
 h - a potion of mutation {unknown}
Comestibles
 f - a ration


   Skills:
 + Level 3.2 Fighting
 + Level 2.1 Axes
 + Level 2.9 Armour
 + Level 0.1 Dodging
 + Level 3.1 Shields


You had one spell level left.
You didn't know any spells.
Your spell library was empty.

Dungeon Overview and Level Annotations

Branches:
Dungeon (2/15)

Altars:
Nemelex Xobeh


Innate Abilities, Weirdness & Mutations

A weak demonic guardian rushes to your aid.


Message History

The gnoll hits you but does no damage.
Found a ration and 18 stones.
The rat barely misses you. The gnoll closely misses you.
There is an open door here.
You slash the gnoll!
The gnoll is heavily wounded.
You barely miss the rat. The rat closely misses you.
The gnoll hits you from afar with a halberd!
Ouch! That really hurt!
Your white imp gestures at the gnoll.
The puff of frost hits the gnoll.
You block the gnoll's attack. The rat barely misses you.
You barely miss the gnoll.
The gnoll is heavily wounded.
You hit the rat.
You kill the rat!
Your white imp gestures at the gnoll.
The puff of frost hits the gnoll.
The gnoll hits you with a spear.
The gnoll hits you from afar with a halberd!
You die...

#......#
##.......###......
#.........##.....#####
+.........+...........
#.........# #...####
#..(....# #.....<#
#%ggg.# #..###.# #5g†#
#..###.# #@# #....#.#
#.# ##.#.#.# #.#
#.#.#.# ####.##
#.....# #.....##
###.### ####.#....#
#.# .........## #.#
####...###########.#
#................#


You could see 4 gnolls and a friendly white imp.

Vanquished Creatures
  2 leopard geckos
  A ball python (D:1)
  2 giant cockroaches (D:1)
  3 goblins (D:1)
  2 hobgoblins (D:1)
  2 jackals (D:1)
  5 bats (D:1)
  2 kobolds (D:1)
  4 rats
23 creatures vanquished.

Notes
Turn   | Place    | Note
-------+----------+-------------------------------------------
     0 | D:1      | galech the Demonspawn Fighter began the quest for the Orb.
     0 | D:1      | Reached XP level 1. HP: 18/18 MP: 1/1
   237 | D:1      | Gained mutation: A weak demonic guardian rushes to your
                  | aid. [demonic ancestry]
   237 | D:1      | Reached XP level 2. HP: 17/24 MP: 2/2
   480 | D:1      | Found a sparkling altar of Nemelex Xobeh.
   648 | D:2      | Slain by a gnoll

Vault maps used:
D:1:      lightli_arrival_windingriver, minmay_misc_feat_doors,
          nemelex_diamond_rough_becter
D:2:      hangedman_decor_clover_reticule

Skill      XL: |  1  2 |
---------------+-------+-----
Shields        | 3 |  3.1
Axes           | 2 |  2.1
Fighting       | |  3.2
Armour         | |  2.9
Dodging        | |  0.1

Action                   || total
-------------------------++-------
Melee: War axe           ||    65
Armor: Scale mail        ||    43
Dodge: Dodged            ||    28
Block: Shield            ||    32

Table legend:
 A = Non-vault XP
 B = Vault XP
 C = Vault XP percentage of total XP
 D = Non-vault monster count
 E = Vault monster count
 F = Vault count percentage of total count
                 A         B        C        D         E       F
            +---------+---------+-------+---------+---------+-------
      Total |      38 |       0 |   0.0 |      23 |       0 |   0.0
            +---------+---------+-------+---------+---------+-------
        D:1 |      34 |       0 |   0.0 |      21 |       0 |   0.0
        D:2 |       4 |       0 |   0.0 |       2 |       0 |   0.0
            +---------+---------+-------+---------+---------+-------
